 Dungeon Crawl Stone Soup version 0.20.1-1-g8b1a95d (webtiles) character file.

118 wrentha the Grave Robber (level 5, -1/35 HPs)
             Began as a Human Necromancer on Dec 8, 2017.
             Killed from afar by zjeagb's ghost (4 damage)
             ... with a magic dart
             ... on level 3 of the Dungeon.
             The game lasted 00:18:09 (2728 turns).

wrentha the Grave Robber (Human Necromancer)        Turns: 2728, Time: 00:18:10

Health: -1/35      AC:  6    Str:  8    XL:     5   Next: 23%
Magic:  9/9        EV: 12    Int: 17    God:
Gold:   109        SH:  0    Dex: 13    Spells: 5/10 levels left

rFire    . . .     SeeInvis .   o - -1 spear (curse)
rCold    . . .     Gourm    .   (no shield)
rNeg     . . .     Faith    .   q - +0 leather armour
rPois    .         Spirit   .   h - +2 hat
rElec    .         Reflect  .   (no cloak)
rCorr    .         Harm     .   (no gloves)
MR       .....                  t - +0 pair of boots {run}
Stlth    ++........             (no amulet)
Regen    0.2/turn               (no ring)
MPRegen  0.2/turn               (no ring)

@: quick
A: no striking features
a: no special abilities


You were on level 3 of the Dungeon.
You were not hungry.

You visited 1 branch of the dungeon, and saw 3 of its levels.

You collected 109 gold pieces.

Inventory:

Hand Weapons
 f - a +0 dagger
 k - a +0 hand axe
 o - a cursed -1 spear (weapon)
 r - a +2 dagger of draining
 z - a +0 spear
 E - a +2 dagger of venom
Missiles
 d - 113 stones (quivered)
 e - 55 arrows
 g - 6 large rocks
 l - 16 poisoned needles
 y - 23 sling bullets
 D - 8 javelins
Armour
 a - a +0 robe
 h - a +2 hat (worn)
 i - a +0 ring mail
 q - a +0 leather armour (worn)
 t - a +0 pair of boots of running (worn)
Scrolls
 n - a scroll of teleportation {unknown}
 p - 2 scrolls of identify {unknown}
 s - a scroll of fear {unknown}
 u - 3 scrolls of magic mapping {unknown}
 w - a scroll of remove curse {unknown}
 x - a scroll of fog {unknown}
Potions
 m - a potion of lignification {unknown}
 v - a potion of mutation {unknown}
 A - a potion of curing {unknown}
 C - a potion of berserk rage {unknown}
Books
 b - a book of Necromancy

   Spells                             Type                      Level
   a - Pain                           Necromancy                   1
   b - Animate Skeleton               Necromancy                   1
   c - Vampiric Draining              Necromancy                   3
   d - Regeneration                   Charms/Necromancy            3
   e - Animate Dead                   Necromancy                   4
   f - Control Undead                 Necromancy                   4
Comestibles
 c - a bread ration
 j - a meat ration
 B - a chunk of flesh


   Skills:
 + Level 0.2 Polearms
 + Level 0.4 Armour
 + Level 2.2 Dodging
 + Level 2.1 Stealth
 + Level 3.0 Spellcasting
 + Level 5.2 Necromancy


You had 5 spell levels left.
You knew the following spells:

 Your Spells              Type           Power        Failure   Level  Hunger
a - Pain                  Necr           ###.         2%          1    None
b - Animate Skeleton      Necr           N/A          2%          1    None
c - Vampiric Draining     Necr           ###.......   9%          3    ###....


Dungeon Overview and Level Annotations

Branches:
Dungeon (3/15)

Altars:

Annotations:
D:3 zjeagb's ghost, amateur DECj


Message History

Aiming: Pain
Press: ? - help, Shift-Dir - straight line, f - bat
Aim: a bat (chance to defeat MR: 90%)
The bat writhes in agony!
Casting: Pain
Confirm with . or Enter, or press ? or * to list all spells.
Aiming: Pain
Press: ? - help, Shift-Dir - straight line, f/p - bat
Aim: a bat (moderately wounded, chance to defeat MR: 90%)
The bat writhes in agony!
You kill the bat!
You start resting.
Zjeagb's ghost (amateur Deep Elf Conjurer) appears from thin air!
It is wielding a weapon of flaming.
Zjeagb's ghost casts a spell at you. The magic dart hits you!
* * * LOW HITPOINT WARNING * * *
An adder comes into view.
Zjeagb's ghost gestures at you while chanting.
The magic dart hits you!
You die...

###.# ....## #
##.....##. ####.
#.........
....###....S..###
#..............##
####..#......)......
.......@............
...##.............. ..
.................# ...
##.#.........#... ...#
##...........# .
#..##............#....
#....###.W............
###...................
#<........)...........


You could see zjeagb's ghost and an adder (wandering).

Vanquished Creatures
  Jessica (D:3)
  A gnoll (D:1)
  3 adders (D:2)
  A worm (D:2)
  4 dart slugs
  A leopard gecko (D:1)
  An orc (D:2)
  3 giant cockroaches (D:1)
  8 goblins
  4 hobgoblins
  2 jackals (D:2)
  5 kobolds
  A quokka (D:2)
  4 bats
  3 frilled lizards
  7 rats
49 creatures vanquished.

Notes
Turn   | Place    | Note
-------+----------+-------------------------------------------
     0 | D:1      | wrentha the Human Necromancer began the quest for the Orb.
     0 | D:1      | Reached XP level 1. HP: 13/13 MP: 3/3
   332 | D:1      | Reached XP level 2. HP: 19/19 MP: 0/5
   420 | D:1      | Learned a level 1 spell: Animate Skeleton
   629 | D:1      | Reached XP level 3. HP: 20/24 MP: 1/6
   745 | D:1      | Learned a level 3 spell: Vampiric Draining
  1388 | D:2      | Reached XP level 4. HP: 27/30 MP: 2/7
  1766 | D:2      | Identified a +0 pair of boots of running (You found it on level 2 of the Dungeon)
  2424 | D:2      | Reached skill level 5 in Necromancy
  2647 | D:3      | Noticed Jessica
  2657 | D:3      | Killed Jessica
  2657 | D:3      | Reached XP level 5. HP: 3/35 MP: 3/9
  2724 | D:3      | Noticed zjeagb's ghost (amateur DECj)
  2728 | D:3      | Killed from afar by zjeagb's ghost

Skill      XL: |  1  2  3  4 |
---------------+-------------+-----
Necromancy     | 5 |  5.2
Spellcasting   | 3 |  3.0
Polearms       | |  0.2
Armour         | |  0.4
Dodging        | |  2.2
Stealth        | |  2.1

Action                   |  1- 3 |  4- 6 || total
-------------------------+-------+-------++-------
Melee: Dagger            |    14 |       ||    14
       Spear             |     7 |     8 ||    15
 Cast: Pain              |    43 |    46 ||    89
       Animate Skeleton  |     2 |     3 ||     5
       Vampiric Draining |       |     1 ||     1
 Stab: Sleeping          |     1 |     1 ||     2
  Eat: Chunk             |     2 |     4 ||     6
Armor: Ring mail         |     6 |       ||     6
       Robe              |     1 |       ||     1
       Leather armour    |     2 |    10 ||    12
Dodge: Dodged            |    10 |    14 ||    24
